 Dungeon Crawl Stone Soup version 0.30-a0-596-g0af90f9a20 (webtiles) character file.

Game seed: 10323841152661959378

40 KinGLemons the Covert (level 3, -3/28 HPs)
             Began as a Vampire Delver on Jan 6, 2023.
             Slain by an orc
             ... wielding a +0 trident
              (4 damage)
             ... on level 6 of the Dungeon.
             The game lasted 00:02:00 (119 turns).

KinGLemons the Covert (Vampire Delver)               Turns: 119, Time: 00:02:01

Health: -3/28      AC:  3    Str: 11    XL:     3   Next: 30%
Magic:  3/3        EV: 12    Int: 12    God:
Gold:   0          SH:  0    Dex: 17    Spells: 2/2 levels left

rFire   . . .      SeeInvis +    a - +0 short sword
rCold   . . .      Faith    .    (no shield)
rNeg    . . .      Spirit   .    b - +0 leather armour
rPois   .          Reflect  .    (no helmet)
rElec   .          Harm     .    (no cloak)
rCorr   .          Rampage  .    (no gloves)
Will    .....                    (no boots)
Stlth   ++++                     (no amulet)
HPRegen 0.44/turn                (no ring)
MPRegen 0.08/turn                (no ring)

@: lethally poisoned (-3 -> -6), healing quickly
A: alive, fangs 3, see invisible, vampiric 2
a: Exsanguinate


You were on level 6 of the Dungeon.
You visited 1 branch of the dungeon, and saw 2 of its levels.

Inventory:

Hand Weapons
 a - a +0 short sword (weapon)
Armour
 b - a +0 leather armour (worn)
Scrolls
 c - a scroll of fog
 d - a scroll of magic mapping
 e - a scroll of fear
 h - a scroll of identify {unknown}
 i - a scroll of immolation {unknown}
Potions
 f - a potion of haste


   Skills:
 + Level 2.9 Fighting
 + Level 2.2 Short Blades
 + Level 2.6 Dodging
 + Level 8.4 Stealth
 + Level 0.1 Evocations


You had 2 spell levels left.
You didn't know any spells.
Your spell library was empty.

Dungeon Overview and Level Annotations

Branches:
Dungeon (6/15)
 Temple: D:4-7

Altars:


Innate Abilities, Weirdness & Mutations

Your natural rate of healing is accelerated.
You have razor-sharp teeth.
You have supernaturally acute eyesight. (SInv)
You are afflicted with vampirism and can become a bat while bloodless.


Message History

The adder bites you but does no damage.
You hit the adder.
The adder is lightly wounded.
The adder barely misses you.
The orc hits you from afar with a +0 trident.
You miss the adder. Your bite misses the adder.
The adder is lightly wounded.
The adder bites you. The orc misses you.
You hit the adder but do no damage.
The adder is lightly wounded.
The adder completely misses you. The adder closely misses you.
The orc hits you from afar with a +0 trident.
The adder bites you but does no damage.
You closely miss the adder.
The adder is lightly wounded.
The adder bites you. The orc barely misses you. The adder bites you.
You hit the adder. You bite the adder.
The adder is heavily wounded.
The adder barely misses you. The adder bites you but does no damage.
The orc hits you from afar with a +0 trident.
You barely miss the adder.
The adder is heavily wounded.
The adder completely misses you. The adder bites you.
The orc hits you from afar with a +0 trident.
You hit the adder.
The adder is almost dead.
The adder bites you but does no damage. The adder bites you. x2
You hit the adder.
You kill the adder!
The orc hits you from afar with a +0 trident.
* * * LOW HITPOINT WARNING * * *
The adder bites you.
* * * LOW HITPOINT WARNING * * *
You are lethally poisoned!
The adder poisons you!
* * * LOW HITPOINT WARNING * * *
You feel sick. The orc barely misses you. The adder barely misses you.
* * * LOW HITPOINT WARNING * * *
You feel sick. The orc hits you with a +0 trident.
You die...

##########
#........#
#.....<..#
#........+
#........###+#
#####.........
#S........
#o@........
+..........
#..........
...........
#..........
+..........
#..........
....###+##.


You could see an adder and an orc.

Vanquished Creatures
  A hound (D:6)
  An adder (D:6)
2 creatures vanquished.

Notes
Turn   | Place    | Note
-------+----------+-------------------------------------------
     0 | D:5      | KinGLemons the Vampire Delver began the quest for the Orb.
     0 | D:5      | Reached XP level 1. HP: 17/17 MP: 1/1
    98 | D:6      | Noticed a hound
   100 | D:6      | Killed a hound
   101 | D:6      | Reached skill level 8 in Stealth
   101 | D:6      | Reached XP level 2. HP: 23/23 MP: 2/2
   101 | D:6      | Gained mutation: You are afflicted with vampirism and can
                  | become a bat while bloodless. [Vampire growth]
   101 | D:6      | Reached XP level 3. HP: 28/28 MP: 3/3
   118 | D:6      | HP: 1/28 [poisoned by an adder]
   119 | D:6      | Slain by an orc

Illustrated notes

Levels and vault maps discovered:
D:5:      layout_gridville, serial_bayou_crossing, uniq_edmund
D:6:      layout_gridville, nicolae_gozag_seed_capital, lemuel_crystal_altar,
          mainiacjoe_overflow_big_doors

Skill      XL: |  1 |
---------------+----+-----
Stealth        | 8 |  8.4
Fighting       | |  2.9
Short Blades   | |  2.2
Dodging        | |  2.6
Evocations     | |  0.1

Action                   || total
-------------------------++-------
Melee: Short sword       ||    11
       Bite              ||     1
 Abil: Exsanguinate      ||     1
Evoke: Wand              ||     3
 Stab: Sleeping          ||     1
Armor: Leather armour    ||     5
Dodge: Dodged            ||    12

Table legend: (Time is in decaauts)
 A = Elapsed time spent in this place.
 B = Non-inter-level travel time spent in this place.
 C = Inter-level travel time spent in this place.
 D = Time resting spent in this place.
 E = Time spent auto-exploring this place.
 F = Levels seen in this place.
 G = Mean time per level.
                   A        B        C        D        E       F      G
               +--------+--------+--------+--------+--------+-----+--------+
         Total |    117 |     42 |     75 |      0 |      0 |   2 |   58.5 |
       Dungeon |    117 |     42 |     75 |      0 |      0 |   2 |   58.5 |
               +--------+--------+--------+--------+--------+-----+--------+

Top non-repeatable levels by time:
     D:5: 98 daAuts
     D:6: 19 daAuts
